TOP OF THE 1ST |
Bowie Baysox batting - Pitching for Northwest Arkansas Naturals : RHP Matt Voulgaris
|
Pitching: RHP Matt Voulgaris
|
|
Batting: RHB Francisco Viera
|
0-0: Swinging Strike 0-1: Ball 1-1: Foul Ball, location: 2F 1-2: Ball 2-2: SINGLE (Groundball, 4D, EV 104.4 MPH)
|
Batting: RHB Willie Manrique
|
0-0: Ball 1-0: Called Strike 1-1: Foul Ball, location: 2F 1-2: SINGLE (Line Drive, 6D, EV 95.6 MPH) Francisco Viera to second
|
Batting: RHB Travis Carter
|
0-0: Ball 1-0: Foul Ball, location: 2F 1-1: Called Strike 1-2: Strikes out looking
|
Batting: RHB Alex Jacobo
|
0-0: Called Strike 0-1: Ball 1-1: Fly out, F5 (Popup, 5SF, EV 74.4 MPH)
|
Batting: LHB Andrew Erens
|
0-0: Ball 1-0: Foul Ball, location: 2F 1-1: Ball 2-1: Foul Ball, location: 2F 2-2: 3-RUN HOME RUN (Flyball, 9D, EV 97.5 MPH), Distance : 399 ft
|
Pitching: RHP Arturo Rojas
|
|
Batting: LHB Raul Rojas
|
0-0: Ball 1-0: Called Strike 1-1: Swinging Strike 1-2: Foul Ball, location: 2F 1-2: Strikes out swinging
|
Top of the 1st over - 3 runs, 3 hits, 0 errors, 0 left on base; Bowie 3 - Northwest Arkansas 0 |
BOTTOM OF THE 1ST |
Northwest Arkansas Naturals batting - Pitching for Bowie Baysox : RHP Elliot Monroe
|
Pitching: RHP Elliot Monroe
|
|
Batting: RHB Justin Bonner
|
0-0: Ball 1-0: Ball 2-0: Called Strike 2-1: Foul Ball, location: 2F 2-2: Ball 3-2: SINGLE (Groundball, 56D, EV 96.2 MPH)
|
Batting: RHB Yi-lin Niu
|
0-0: Called Strike 0-1: Swinging Strike 0-2: Strikes out swinging
|
Batting: SHB Jason Anaya
|
0-0: Ball 1-0: Ball 2-0: Called Strike 2-1: Foul Ball, location: 2F 2-2: Ball 3-2: Strikes out swinging
|
Batting: LHB Josh Moore
|
0-0: Ball 1-0: Ground out 6-3 (Groundball, 4S, EV 88.8 MPH)
|
Bottom of the 1st over - 0 runs, 1 hit, 0 errors, 1 left on base; Bowie 3 - Northwest Arkansas 0 |
TOP OF THE 2ND |
Bowie Baysox batting - Pitching for Northwest Arkansas Naturals : RHP Arturo Rojas
|
Batting: RHB Jordan Wallace
|
0-0: Foul Ball, location: 2F 0-1: Swinging Strike 0-2: SINGLE (Flyball, 78S, EV 83.1 MPH)
|
Batting: LHB Jose Bethancourt
|
0-0: Foul Ball, location: 2F 0-1: Ball 1-1: Ball 2-1: 2-RUN HOME RUN (Flyball, 7D, EV 106.2 MPH), Distance : 393 ft
|
Batting: SHB Hugo Moreno
|
0-0: Ball 1-0: Ball 2-0: DOUBLE (Line Drive, 9LD, EV 111.9 MPH)
|
Batting: RHB Francisco Viera
|
0-0: Ball 1-0: Called Strike Passed Ball! Hugo Moreno to third 1-1: 2-RUN HOME RUN (Flyball, 78XD, EV 113.1 MPH), Distance : 424 ft
|
Pitching: RHP Matthew Orphan
|
|
Batting: RHB Willie Manrique
|
0-0: Swinging Strike 0-1: Ball 1-1: Ball 2-1: Fly out, F6 (Line Drive, 6, EV 72.5 MPH)
|
Batting: RHB Travis Carter
|
0-0: Called Strike 0-1: Ball 1-1: Foul Ball, location: 2F 1-2: Ball 2-2: DOUBLE (Flyball, 8RXD, EV 91.2 MPH)
|
Batting: RHB Alex Jacobo
|
0-0: Called Strike 0-1: Ground out 6-3 (Groundball, 6, EV 94.4 MPH) Travis Carter to third
|
Batting: LHB Andrew Erens
|
0-0: Swinging Strike 0-1: Foul Ball, location: 2F 0-2: Ball 1-2: Ball 2-2: 2-RUN HOME RUN (Flyball, 9D, EV 108.8 MPH), Distance : 416 ft
|
Batting: LHB Raul Rojas
|
0-0: Ball 1-0: Called Strike 1-1: Swinging Strike 1-2: Ball 2-2: SOLO HOME RUN (Flyball, 78XD, EV 113.8 MPH), Distance : 427 ft
|
Pitching: RHP Andrew Tipton
|
|
Batting: RHB Jordan Wallace
|
0-0: Ball 1-0: Swinging Strike 1-1: Ball 2-1: Ball 3-1: Called Strike 3-2: Foul Ball, location: 2F 3-2: Strikes out swinging
|
Top of the 2nd over - 7 runs, 7 hits, 0 errors, 0 left on base; Bowie 10 - Northwest Arkansas 0 |
BOTTOM OF THE 2ND |
Northwest Arkansas Naturals batting - Pitching for Bowie Baysox : RHP Elliot Monroe
|
Batting: RHB Alex Cid
|
0-0: Called Strike 0-1: Ball 1-1: Foul Ball, location: 2F 1-2: Strikes out swinging
|
Batting: RHB Josh Gordon
|
0-0: Fly out, F8 (Flyball, 8LD, EV 101.2 MPH)
|
Batting: RHB Dante McCauley
|
0-0: Ball 1-0: Foul Ball, location: 2F 1-1: Called Strike 1-2: Foul Ball, location: 2F 1-2: Ball 2-2: Ground out 5-3 (Groundball, 5, EV 83.8 MPH)
|
Bottom of the 2nd over - 0 runs, 0 hits, 0 errors, 0 left on base; Bowie 10 - Northwest Arkansas 0 |
TOP OF THE 3RD |
Bowie Baysox batting - Pitching for Northwest Arkansas Naturals : RHP Andrew Tipton
|
Batting: LHB Jose Bethancourt
|
0-0: Ball 1-0: Called Strike 1-1: Swinging Strike 1-2: Ball 2-2: Ball 3-2: Strikes out swinging
|
Batting: SHB Hugo Moreno
|
0-0: Foul Ball, location: 2F 0-1: Ball 1-1: Ball 2-1: Ball 3-1: Swinging Strike 3-2: Base on Balls
|
Pitching: RHP Vinny Reveles
|
|
Batting: RHB Francisco Viera
|
0-0: Ball 1-0: Fielders Choice at 2nd, 3-6 (Groundball, 34, EV 108.8 MPH)
|
Batting: RHB Willie Manrique
|
0-0: Fly out, F7 (Flyball, 7D, EV 102.5 MPH)
|
Top of the 3rd over - 0 runs, 0 hits, 0 errors, 1 left on base; Bowie 10 - Northwest Arkansas 0 |
BOTTOM OF THE 3RD |
Northwest Arkansas Naturals batting - Pitching for Bowie Baysox : RHP Elliot Monroe
|
Batting: RHB Nate De Jongh
|
0-0: Ball 1-0: Ball 2-0: Called Strike 2-1: Called Strike 2-2: Ground out 4-3 (Groundball, 4, EV 101.9 MPH)
|
Batting: RHB Matt Tittle
|
0-0: Ball 1-0: SINGLE (Line Drive, 89M, EV 94.4 MPH)
|
Batting: RHB Justin Bonner
|
0-0: Foul Ball, location: 2F 0-1: Called Strike 0-2: Foul Ball, location: 2F 0-2: Ball 1-2: Ball 2-2: Fielders Choice at 2nd, 4-6 (Groundball, 4, EV 80.0 MPH)
|
Batting: RHB Yi-lin Niu
|
0-0: Fly out, F4 (Line Drive, 4, EV 70.0 MPH)
|
Bottom of the 3rd over - 0 runs, 1 hit, 0 errors, 1 left on base; Bowie 10 - Northwest Arkansas 0 |
TOP OF THE 4TH |
Bowie Baysox batting - Pitching for Northwest Arkansas Naturals : RHP Vinny Reveles
|
Batting: RHB Travis Carter
|
0-0: Ball 1-0: Ball 2-0: Ball 3-0: Swinging Strike 3-1: Fly out, F9 (Line Drive, 9D, EV 84.4 MPH)
|
Batting: RHB Alex Jacobo
|
0-0: Called Strike 0-1: Ball 1-1: SINGLE (Line Drive, 34, EV 94.4 MPH)
|
Batting: LHB Andrew Erens
|
0-0: Called Strike 0-1: Foul Ball, location: 2F 0-2: Ball 1-2: Strikes out swinging
|
Batting: LHB Raul Rojas
|
0-0: Swinging Strike Pickoff Throw to First - Out! 1-3
|
Top of the 4th over - 0 runs, 1 hit, 0 errors, 0 left on base; Bowie 10 - Northwest Arkansas 0 |
BOTTOM OF THE 4TH |
Northwest Arkansas Naturals batting - Pitching for Bowie Baysox : RHP Elliot Monroe
|
Batting: SHB Jason Anaya
|
0-0: Foul Ball, location: 2F 0-1: Ground out 1-3 (Groundball, 15, EV 65.6 MPH)
|
Batting: LHB Josh Moore
|
0-0: Ground out 6-3 (Groundball, 4, EV 88.1 MPH)
|
Batting: RHB Alex Cid
|
0-0: Called Strike 0-1: SINGLE (Groundball, 6MD, EV 100.0 MPH)
|
Batting: RHB Josh Gordon
|
0-0: Ball 1-0: Ball 2-0: Called Strike 2-1: Foul Ball, location: 2F 2-2: Ball 3-2: Strikes out swinging
|
Bottom of the 4th over - 0 runs, 1 hit, 0 errors, 1 left on base; Bowie 10 - Northwest Arkansas 0 |
TOP OF THE 5TH |
Bowie Baysox batting - Pitching for Northwest Arkansas Naturals : RHP Vinny Reveles
|
Batting: LHB Raul Rojas
|
0-0: Swinging Strike 0-1: Called Strike 0-2: Ball 1-2: SOLO HOME RUN (Flyball, 7LD, EV 96.2 MPH), Distance : 355 ft
|
Pitching: LHP Joel Page
|
|
Batting: RHB Jordan Wallace
|
0-0: Ball 1-0: Foul Ball, location: 2F 1-1: Ball 2-1: Fly out, F5 (Flyball, 5D, EV 90.0 MPH)
|
Batting: LHB Jose Bethancourt
|
0-0: Ball 1-0: Ball 2-0: Fly out, F7 (Flyball, 7, EV 75.6 MPH)
|
Batting: SHB Hugo Moreno
|
0-0: Foul Ball, location: 2F 0-1: Ball 1-1: Ball 2-1: Called Strike 2-2: Ground out 5-3 (Groundball, 5, EV 90.0 MPH)
|
Top of the 5th over - 1 run, 1 hit, 0 errors, 0 left on base; Bowie 11 - Northwest Arkansas 0 |
BOTTOM OF THE 5TH |
Northwest Arkansas Naturals batting - Pitching for Bowie Baysox : RHP Elliot Monroe
|
Batting: RHB Dante McCauley
|
0-0: Ball 1-0: Foul Ball, location: 2F 1-1: Called Strike 1-2: Foul Ball, location: 2F 1-2: Strikes out swinging
|
Batting: RHB Nate De Jongh
|
0-0: Ground out 4-3 (Groundball, 4, EV 84.4 MPH)
|
Batting: RHB Matt Tittle
|
0-0: Ball 1-0: Swinging Strike 1-1: Foul Ball, location: 2F 1-2: Foul Ball, location: 2F 1-2: Ground out 5-3 (Groundball, 56, EV 88.8 MPH)
|
Bottom of the 5th over - 0 runs, 0 hits, 0 errors, 0 left on base; Bowie 11 - Northwest Arkansas 0 |
TOP OF THE 6TH |
Bowie Baysox batting - Pitching for Northwest Arkansas Naturals : LHP Joel Page
|
Batting: RHB Francisco Viera
|
0-0: Called Strike 0-1: Foul Ball, location: 2F 0-2: Strikes out looking
|
Batting: RHB Willie Manrique
|
0-0: Fly out, F9 (Flyball, 9D, EV 110.0 MPH)
|
Batting: RHB Travis Carter
|
0-0: Ball 1-0: Ball 2-0: Called Strike 2-1: Swinging Strike 2-2: Ball 3-2: Foul Ball, location: 2F 3-2: Base on Balls
|
Pitching: RHP Brian Straub
|
|
Batting: RHB Alex Jacobo
|
0-0: Foul Ball, location: 2F 0-1: Foul Ball, location: 2F 0-2: Ball 1-2: Strikes out swinging
|
Top of the 6th over - 0 runs, 0 hits, 0 errors, 1 left on base; Bowie 11 - Northwest Arkansas 0 |
BOTTOM OF THE 6TH |
Northwest Arkansas Naturals batting - Pitching for Bowie Baysox : RHP Elliot Monroe
|
Batting: RHB Justin Bonner
|
0-0: SINGLE (Groundball, 6MD, EV 98.8 MPH)
|
Batting: RHB Yi-lin Niu
|
0-0: Ball 1-0: Called Strike 1-1: Swinging Strike 1-2: Ball 2-2: Strikes out swinging
|
Batting: SHB Jason Anaya
|
0-0: Foul Ball, location: 2F 0-1: Ball 1-1: Called Strike 1-2: Ball 2-2: Fly out, F8 (Flyball, 8LS, EV 90.0 MPH)
|
Batting: LHB Josh Moore
|
0-0: Called Strike Justin Bonner steals 2nd base 0-1: Called Strike 0-2: Ball 1-2: Strikes out looking
|
Bottom of the 6th over - 0 runs, 1 hit, 0 errors, 1 left on base; Bowie 11 - Northwest Arkansas 0 |
TOP OF THE 7TH |
Bowie Baysox batting - Pitching for Northwest Arkansas Naturals : RHP Brian Straub
|
Batting: LHB Andrew Erens
|
0-0: Ground out 5-3 (Groundball, 5, EV 104.4 MPH)
|
Batting: LHB Raul Rojas
|
0-0: Foul Ball, location: 2F 0-1: Ball 1-1: Ball 2-1: Foul Ball, location: 2F 2-2: Ground out 4-3 (Groundball, 4M, EV 78.1 MPH)
|
Batting: RHB Jordan Wallace
|
0-0: Ball 1-0: Swinging Strike 1-1: SINGLE (Groundball, 6, EV 95.0 MPH)
|
Batting: LHB Jose Bethancourt
|
0-0: Swinging Strike 0-1: Swinging Strike 0-2: Strikes out swinging
|
Top of the 7th over - 0 runs, 1 hit, 0 errors, 1 left on base; Bowie 11 - Northwest Arkansas 0 |
BOTTOM OF THE 7TH |
Northwest Arkansas Naturals batting - Pitching for Bowie Baysox : RHP Elliot Monroe
|
Batting: RHB Alex Cid
|
0-0: Called Strike 0-1: Ball 1-1: Foul Ball, location: 2F 1-2: Foul Ball, location: 2F 1-2: Ball 2-2: Ground out U3 (Groundball, 34, EV 88.1 MPH)
|
Batting: RHB Josh Gordon
|
0-0: Called Strike 0-1: Ball 1-1: Swinging Strike 1-2: Ball 2-2: Fly out, F7 (Flyball, 7S, EV 95.6 MPH)
|
Batting: RHB Dante McCauley
|
0-0: Called Strike 0-1: Ball 1-1: SINGLE (Flyball, 4D, EV 93.1 MPH)
|
Batting: RHB Nate De Jongh
|
0-0: Fly out, F9 (Flyball, 9D, EV 105.6 MPH)
|
Bottom of the 7th over - 0 runs, 1 hit, 0 errors, 1 left on base; Bowie 11 - Northwest Arkansas 0 |
TOP OF THE 8TH |
Bowie Baysox batting - Pitching for Northwest Arkansas Naturals : RHP Brian Straub
|
Batting: SHB Hugo Moreno
|
0-0: Fly out, F6 (Popup, 6S, EV 84.4 MPH)
|
Batting: RHB Francisco Viera
|
0-0: Ground out 6-3 (Groundball, 6S, EV 85.6 MPH)
|
Pitching: RHP Eric Davis
|
|
Batting: RHB Willie Manrique
|
0-0: Ball 1-0: Ball 2-0: Called Strike 2-1: Ball 3-1: Base on Balls
|
Batting: RHB Travis Carter
|
0-0: Ball 1-0: Ball 2-0: Ball 3-0: Base on Balls Willie Manrique to second
|
Batting: RHB Alex Jacobo
|
0-0: Called Strike 0-1: Called Strike 0-2: Ball 1-2: Strikes out swinging
|
Top of the 8th over - 0 runs, 0 hits, 0 errors, 2 left on base; Bowie 11 - Northwest Arkansas 0 |
BOTTOM OF THE 8TH |
Northwest Arkansas Naturals batting - Pitching for Bowie Baysox : RHP Elliot Monroe
|
Batting: RHB Matt Tittle
|
0-0: Ball 1-0: SINGLE (Groundball, 6D, EV 103.8 MPH)
|
Batting: RHB Justin Bonner
|
0-0: Ball 1-0: Called Strike 1-1: Swinging Strike 1-2: Strikes out looking
|
Pitching: LHP Eric Bice
|
|
Batting: RHB Yi-lin Niu
|
0-0: Ball 1-0: Fly out, F7 (Flyball, 7S, EV 88.8 MPH)
|
Batting: SHB Jason Anaya
|
0-0: Called Strike 0-1: Foul Ball, location: 2F 0-2: Ball 1-2: Foul Ball, location: 2F 1-2: Strikes out swinging
|
Bottom of the 8th over - 0 runs, 1 hit, 0 errors, 1 left on base; Bowie 11 - Northwest Arkansas 0 |
TOP OF THE 9TH |
Bowie Baysox batting - Pitching for Northwest Arkansas Naturals : RHP Eric Davis
|
Batting: LHB Andrew Erens
|
0-0: Ball 1-0: Fly out, F7 (Flyball, 7D, EV 109.4 MPH)
|
Batting: LHB Raul Rojas
|
0-0: Foul Ball, location: 2F 0-1: Ground out 4-3 (Groundball, 4, EV 96.9 MPH)
|
Batting: RHB Jordan Wallace
|
0-0: Called Strike 0-1: Ground out 6-3 (Groundball, 6, EV 80.0 MPH)
|
Top of the 9th over - 0 runs, 0 hits, 0 errors, 0 left on base; Bowie 11 - Northwest Arkansas 0 |
BOTTOM OF THE 9TH |
Northwest Arkansas Naturals batting - Pitching for Bowie Baysox : LHP Eric Bice
|
Batting: LHB Josh Moore
|
0-0: Called Strike 0-1: Foul Ball, location: 2F 0-2: Foul Ball, location: 2F 0-2: Strikes out swinging
|
Batting: RHB Alex Cid
|
0-0: Ball 1-0: Foul Ball, location: 2F 1-1: Fly out, F8 (Flyball, 89D, EV 99.4 MPH)
|
Batting: RHB Josh Gordon
|
0-0: Ground out 6-3 (Groundball, 6S, EV 90.6 MPH)
|
Bottom of the 9th over - 0 runs, 0 hits, 0 errors, 0 left on base; Bowie 11 - Northwest Arkansas 0 |
|